 Dungeon Crawl Stone Soup version 0.20-a0 (console) character file.

290 brucemayne the Chopper (level 6, 0/47 HPs)
             Began as a Demonspawn Berserker on Oct 27, 2016.
             Was a Believer of Trog.
             Slain by an orc
             ... wielding a +0 trident
              (4 damage)
             ... on level 4 of the Dungeon.
             The game lasted 00:02:27 (667 turns).

brucemayne the Chopper (Demonspawn Berserker)        Turns: 667, Time: 00:02:28

Health: 0/47       AC: 10    Str: 19    XL:     6   Next: 9%
Magic:  6/6        EV:  8    Int:  9    God:    Trog [**....]
Gold:   60         SH:  0    Dex: 12    Spells: 0 memorised, 5 levels left

rFire  . . .     SeeInvis .     a - +0 hand axe
rCold  . . .     Gourm    .     h - +0 chain mail
rNeg   . . .     Faith    .     (no shield)
rPois  .         Spirit   .     (no helmet)
rElec  .         Reflect  .     (no cloak)
rCorr  .         Harm     .     (no gloves)
MR     ++...                    (no boots)
Stlth  ..........               (no amulet)
                                (no ring)
                                (no ring)

@: exhausted, regenerating, slowed, very slow
A: claws 2, slimy green scales 1
a: Berserk, Trog's Hand, Burn Spellbooks, Renounce Religion


You were on level 4 of the Dungeon.
You worshipped Trog.
Trog was pleased with you.
You were very hungry.

You visited 1 branch of the dungeon, and saw 4 of its levels.

You collected 60 gold pieces.

Inventory:

Hand Weapons
 a - a +0 hand axe (weapon)
Armour
 b - a +0 animal skin
 h - a +0 chain mail (worn)
Scrolls
 e - a scroll of random uselessness {unknown}
 g - a scroll of identify {unknown}
 i - a scroll of enchant armour {unknown}
Comestibles
 c - a bread ration


   Skills:
 - Level 3.0 Fighting
 + Level 6.2 Axes
 - Level 1.7 Armour
 - Level 1.7 Dodging


You had 5 spell levels left.
You didn't know any spells.

Dungeon Overview and Level Annotations

Branches:
Dungeon (4/15)
 Temple: D:4-7

Altars:


Innate Abilities, Weirdness & Mutations

You have very sharp fingernails.
You are partially covered in slimy green scales. (AC +2)


Message History

You hit something.
The orc hits you from afar with a trident.
* * * LOW HITPOINT WARNING * * *
Something completely misses you. The orc hits you but does no damage.
Unknown command.
Your skin crawls.
You feel resistant to hostile enchantments.
You are feeling very hungry.
Something hits you but does no damage. The orc barely misses you.
Something hits you but does no damage.
Unknown command.
You closely miss something. The orc hits you but does no damage.
Something hits you but does no damage.
Unknown command.
Your chain mail prevents you from hitting something.
The orc hits you from afar with a trident.
* * * LOW HITPOINT WARNING * * *
Something hits you but does no damage.
The orc hits you from afar with a trident.
You die...

..##.....#.#.#.#
#.##.....#..<#.#
#.##.....###.#.####
#.##..............#
#.#####.##.....###.#.##.#
#............###
#.#.##.## #######.###..#
#........ ##.###..#
##'##.... #.o{@...#
#≈≈≈#..#.
#.o####.....+≈≈≈'....
#.o. ......#≈≈≈#####
#..## ########+##....
.... ##### ##..# #..#
#.##


You could see 2 orcs.

Vanquished Creatures
  An ogre (D:4)
  An orc priest (D:4)
  An iguana (D:4)
  A bullfrog skeleton (D:4)
  An orc wizard (D:4)
  5 gnolls
  2 adders
  2 leopard geckos (D:1)
  2 orcs
  A ball python (D:1)
  A goblin (D:1)
  A hobgoblin (D:1)
  7 jackals
  3 bats
  2 kobolds (D:3)
  3 rats
34 creatures vanquished.

Notes
Turn   | Place    | Note
-------+----------+-------------------------------------------
     0 | D:1      | brucemayne the Demonspawn Berserker began the quest for the Orb.
     0 | D:1      | Reached XP level 1. HP: 18/18 MP: 1/1
    20 | D:1      | Reached skill level 3 in Axes
    20 | D:1      | Gained mutation: You are partially covered in slimy green scales. (AC +2) [demonic ancestry]
    20 | D:1      | Reached XP level 2. HP: 24/24 MP: 2/2
   164 | D:3      | Gained mutation: You have sharp fingernails. [demonic ancestry]
   164 | D:3      | Reached XP level 3. HP: 29/29 MP: 3/3
   165 | D:3      | Reached skill level 4 in Axes
   198 | D:3      | Reached XP level 4. HP: 13/35 MP: 4/4
   532 | D:4      | Reached skill level 5 in Axes
   549 | D:4      | Noticed an ogre
   557 | D:4      | Killed an ogre
   557 | D:4      | Reached XP level 5. HP: 38/41 MP: 5/5
   638 | D:4      | Reached ** piety under Trog
   638 | D:4      | Reached skill level 6 in Axes
   658 | D:4      | Gained mutation: You have very sharp fingernails. [demonic ancestry]
   658 | D:4      | Reached XP level 6. HP: 12/47 MP: 6/6
   667 | D:4      | Slain by an orc

Vault maps used:
D:1:      lightli_arrival_chessboard, serial_aquarium, aquarium_bridge_straight,
          aquarium_window_corridor_1, aquarium_window_2, aquarium_window_fake,
          aquarium_window_1, aquarium_view_2e, minmay_misc_feat_iff, st_stairs_8
D:2:      elyvilon_altar_4, lemuel_coloured_pillars_altar, uniq_terence
D:3:      overflow_temple_1_default, chequers_temple_overflow_minitemple,
          uniq_grinder
D:4:      kennysheep_mini, gammafunk_temple_overflow_statue, minmay_liquid_box

Skill      XL: |  1  2  3  4  5 |
---------------+----------------+-----
Axes           | 3 4 5 6 |  6.2
Fighting       | |  3.0
Armour         | |  1.7
Dodging        | |  1.7

Action                   |  1- 3 |  4- 6 || total
-------------------------+-------+-------++-------
Melee: Hand axe          |    45 |    64 ||   109
Throw: Throwing net      |       |     1 ||     1
Invok: Berserk           |     2 |     2 ||     4
       Trog's Hand       |       |     1 ||     1
  Use: Potion            |     1 |     1 ||     2
  Eat: Chunk             |       |     2 ||     2
Armor: Chain mail        |    53 |    77 ||   130
       Animal skin       |     2 |       ||     2
Dodge: Dodged            |    52 |    39 ||    91
